 Dungeon Crawl Stone Soup version 0.20.1-1-g8b1a95d (webtiles) character file.

67 vishdafish the Covered (level 4, 14/35 HPs)
             Began as a Demonspawn Fighter on July 3, 2017.
             Quit the game on level 2 of the Dungeon.
             The game lasted 00:00:54 (1141 turns).

vishdafish the Covered (Demonspawn Fighter)         Turns: 1141, Time: 00:00:55

Health: 14/35      AC:  6    Str: 17    XL:     4   Next: 0%
Magic:  4/4        EV:  7    Int: 10    God:
Gold:   84         SH:  9    Dex: 12    Spells: 3/3 levels left

rFire    . . .     SeeInvis .   a - +0 trident
rCold    . . .     Gourm    .   c - +0 shield
rNeg     . . .     Faith    .   b - +0 scale mail
rPois    .         Spirit   .   (no helmet)
rElec    .         Reflect  .   (no cloak)
rCorr    .         Harm     .   (no gloves)
MR       .....                  (no boots)
Stlth    ..........             (no amulet)
Regen    0.2/turn               (no ring)
MPRegen  0.1/turn               (no ring)

@: no status effects
A: hooves 1, rot immunity
a: no special abilities


You were on level 2 of the Dungeon.
You were hungry.

You visited 1 branch of the dungeon, and saw 2 of its levels.

You collected 84 gold pieces.

Inventory:

Hand Weapons
 a - a +0 trident (weapon)
Armour
 b - a +0 scale mail (worn)
 c - a +0 shield (worn)
Scrolls
 g - 2 scrolls of remove curse {unknown}
 h - a scroll of identify {unknown}
 k - a scroll of magic mapping {unknown}
Potions
 d - a potion of might
 e - a potion of haste {unknown}
 j - a potion of heal wounds {unknown}
Comestibles
 f - a bread ration
 i - 2 meat rations


   Skills:
 + Level 3.2 Fighting
 + Level 2.3 Polearms
 + Level 3.4 Armour
 + Level 0.2 Stealth
 + Level 3.2 Shields


You had 3 spell levels left.
You didn't know any spells.

Dungeon Overview and Level Annotations

Branches:
Dungeon (2/15)

Altars:


Innate Abilities, Weirdness & Mutations

You have large cloven feet.
You are immune to rotting.


Message History

You are too injured to fight recklessly!
You are too injured to fight recklessly!
You are too injured to fight recklessly!
You are too injured to fight recklessly!
You are too injured to fight recklessly!
You are too injured to fight recklessly!
You are too injured to fight recklessly!
You are too injured to fight recklessly!
You are too injured to fight recklessly!
You are too injured to fight recklessly!
You are too injured to fight recklessly!
You are too injured to fight recklessly!
You are too injured to fight recklessly!
You are too injured to fight recklessly!
You are too injured to fight recklessly!
You are too injured to fight recklessly!
You are too injured to fight recklessly!
Quiver which item? (- for none, * to show all) (? for menu, Esc to quit)
Okay, then.
Are you sure you want to abandon this character and quit the game? (Confirm with "yes".)

.+ .# ......# ...(..#
+###+# #+#..... .....#
#.#.... .....# #.#l..
.....# #.#gg .....#
#.#g# ..
.....#########.#@#####..
.....##...............#
+###.##.######.##..(..#
.# #.##......#.##.....#
.# #.##..###.#.##.....#
.###.##..#...#.##.....#
><...#...#...#..'.....+
......######.####.....#
......+.........'.)...+


You could see 3 gnolls and a leopard gecko.

Vanquished Creatures
  Jessica (D:2)
  A gnoll (D:2)
  2 adders (D:2)
  3 bats
  A goblin (D:1)
  A hobgoblin (D:2)
  3 kobolds
  2 frilled lizards
  2 rats
16 creatures vanquished.

Notes
Turn   | Place    | Note
-------+----------+-------------------------------------------
     0 | D:1      | vishdafish the Demonspawn Fighter began the quest for the Orb.
     0 | D:1      | Reached XP level 1. HP: 18/18 MP: 1/1
   860 | D:2      | Gained mutation: You have large cloven feet. [demonic ancestry]
   860 | D:2      | Reached XP level 2. HP: 24/24 MP: 2/2
   938 | D:2      | Reached XP level 3. HP: 17/29 MP: 3/3
  1108 | D:2      | Noticed Jessica
  1114 | D:2      | Killed Jessica
  1136 | D:2      | Gained mutation: You are immune to rotting. [demonic ancestry]
  1136 | D:2      | Reached XP level 4. HP: 27/35 MP: 4/4
  1141 | D:2      | Quit the game

Skill      XL: |  1  2 |
---------------+-------+-----
Polearms       | 2 |  2.3
Shields        | 3 |  3.2
Armour         | 3 |  3.4
Fighting       | |  3.2
Stealth        | |  0.2

Action                   |  1- 3 |  4- 6 || total
-------------------------+-------+-------++-------
Melee: Trident           |    85 |     4 ||    89
       Kick              |    16 |     1 ||    17
Armor: Scale mail        |    31 |       ||    31
Dodge: Dodged            |    23 |     1 ||    24
Block: Shield            |    33 |     1 ||    34
